 Dungeon Crawl Stone Soup version 0.20-a0-544-g2b9a704 (webtiles) character file.

169 HallandMoats the Skirmisher (level 5, -2/42 HPs)
             Began as a Mummy Fighter on Jan 31, 2017.
             Killed by divine providence
             ... invoked by an orc priest
              (13 damage)
             ... on level 3 of the Dungeon.
             The game lasted 00:03:52 (2138 turns).

HallandMoats the Skirmisher (Mummy Fighter)         Turns: 2138, Time: 00:03:52

Health: -2/42      AC:  9    Str: 19    XL:     5   Next: 25%
Magic:  5/5        EV:  7    Int:  8    God:
Gold:   94         SH:  8    Dex: 12    Spells: 4/4 levels left

rFire    x . .     SeeInvis .   i - +0 short sword (drain)
rCold    + . .     Gourm    .   b - +0 scale mail
rNeg     + + +     Faith    .   c - +0 shield
rPois    ∞         Spirit   .   (no helmet)
rElec    .         Reflect  .   (no cloak)
rCorr    .         Harm     .   (no gloves)
MR       .....                  k - +2 pair of boots
Stlth    ..........             (no amulet)
Regen    0.2/turn               (no ring)
                                (no ring)

@: no status effects
A: no food or potions, fire vulnerability, cold resistance 1, negative energy
resistance 3, torment resistance, unbreathing
a: no special abilities


You were on level 3 of the Dungeon.
You were not hungry.

You visited 1 branch of the dungeon, and saw 3 of its levels.

You collected 94 gold pieces.

Inventory:

Hand Weapons
 a - a +0 war axe
 i - a +0 short sword of draining (weapon)
Armour
 b - a +0 scale mail (worn)
 c - a +0 shield (worn)
 k - a +2 pair of boots (worn)
Jewellery
 l - a +1 ring of evasion {unknown}
Scrolls
 d - 5 scrolls of identify {unknown}
 e - a scroll of blinking {unknown}
 f - 4 scrolls of teleportation {unknown}
 g - a scroll of recharging {unknown}
 h - a scroll of fog {unknown}
 j - 3 scrolls of remove curse {unknown}
 m - a scroll of amnesia {unknown}


   Skills:
 * Level 3.9 Fighting
 * Level 3.0 Axes
 + Level 3.1 Armour
 + Level 1.2 Dodging
 - Level 2.4 Shields


You had 4 spell levels left.
You didn't know any spells.

Dungeon Overview and Level Annotations

Branches:
Dungeon (3/15)

Altars:
Trog
Uskayaw


Innate Abilities, Weirdness & Mutations

You do not eat or drink.
Your flesh is vulnerable to fire.
You are immune to poison.
Your flesh is cold resistant. (rC+)
You are immune to negative energy. (rN+++)
You are immune to unholy pain and torment.
You can survive without breathing.


Message History

The orc priest is lightly wounded.
The orc priest hits you. The orc closely misses you.
You hit the orc priest but do no damage.
You drain the orc priest!
The orc priest is moderately wounded.
The orc priest hits you but does no damage.
The orc barely misses you.
The orc priest mumbles some strange prayers to Beogh against you.
Beogh smites you!
* * * LOW HITPOINT WARNING * * *
You closely miss the orc priest.
The orc priest is moderately wounded.
You hit the orc priest but do no damage.
You drain the orc priest!
The orc priest is heavily wounded.
The orc priest barely misses you. The orc hits you but does no damage.
You barely miss the orc.
The orc priest invokes the aid of Beogh against you.
Beogh smites you!
You die...

#.. .# #.##.#######
#.#.. .... ##
#...####.### ..
#...##.....## .
##>..#.......#.#
##....#.......#o#
#.<.>...†._..ooo#
#.##.....#......@#.
#........#.......#
#####....##.....##
#....####.###
#.#.............#
#.#..>.....###..#
#...........
#[########..# ..#


You could see an orc priest and 3 orcs.

Vanquished Creatures
  6 gnolls
  4 adders
  2 oozes (D:1)
  3 worms (D:2)
  4 dart slugs (D:2)
  2 leopard geckos (D:1)
  A giant cockroach (D:2)
  4 goblins
  7 hobgoblins
  4 jackals (D:2)
  6 kobolds
  2 quokkas (D:2)
  4 bats
  3 frilled lizards
  3 rats (D:1)
55 creatures vanquished.

Notes
Turn   | Place    | Note
-------+----------+-------------------------------------------
     0 | D:1      | HallandMoats the Mummy Fighter began the quest for the Orb.
     0 | D:1      | Reached XP level 1. HP: 18/18 MP: 1/1
    63 | D:1      | Reached XP level 2. HP: 8/24 MP: 2/2
   605 | D:1      | Reached XP level 3. HP: 29/29 MP: 3/3
  1020 | D:2      | Found a hide-covered altar of Uskayaw.
  1051 | D:2      | Reached XP level 4. HP: 27/36 MP: 4/4
  1443 | D:1      | Reached skill level 1 in Dodging
  1957 | D:1      | Reached XP level 5. HP: 42/42 MP: 5/5
  2109 | D:3      | Found a bloodstained altar of Trog.
  2138 | D:3      | Killed from afar by an orc priest

Vault maps used:
D:1:      dpeg_arrival_leaves_temple_mockup, minmay_misc_feat_five,
          corexii_leaking_fountain
D:2:      eat_drink_and_be_merry_uskayaw, first_bread
D:3:      lemuel_crystal_altar, old_standard_altar, evilmike_ruin_ashenzari,
          chequers_ecumenical_altar_simple

Skill      XL: |  1  2  3  4  5 |
---------------+----------------+-----
Axes           | 2 3 |  3.0
Armour         | 3 |  3.1
Dodging        | 1 |  1.2
Fighting       | |  3.9
Shields        | |  2.4

Action                   |  1- 3 |  4- 6 || total
-------------------------+-------+-------++-------
Melee: War axe           |    10 |       ||    10
       Short sword       |    87 |    84 ||   171
Armor: Scale mail        |    49 |    42 ||    91
Dodge: Dodged            |    28 |    28 ||    56
Block: Shield            |    41 |    51 ||    92
